 Dungeon Crawl Stone Soup version 0.32-a0-814-g0968bab981 (webtiles) character file.

Game seed: 2829845720256468810

17595 cforsyth the Cleaver (level 12, 0/107 HPs)
             Began as a Mountain Dwarf Cinder Acolyte on Mar 22, 2024.
             Was a High Priest of Ignis.
             Slain by a bullfrog (3 damage)
             ... on level 1 of the Lair of Beasts.
             The game lasted 00:28:30 (14779 turns).

cforsyth the Cleaver (MDCA)                        Turns: 14779, Time: 00:28:31

Health: 0/107      AC: 17    Str: 21    XL:     12   Next: 20%
Magic:  18/23      EV:  7    Int: 16    God:    Ignis [*****.]
Gold:   974        SH:  0    Dex:  5    Spells: 24/26 levels left

rFire   + . .        a - -1 hand axe (flame)
rCold   . . .        (no shield)
rNeg    . . .        t - +1 chain mail {rPois}
rPois   +            e - +0 helmet
rElec   .            A - +1 cloak
rCorr   .            (no gloves)
SInv    +            i - +0 pair of boots
Will    +....        b - amulet of magic regeneration Stlth
                     L - ring of flight
HPRegen 0.37/turn    (no ring)
MPRegen 0.58/turn

%: no passive effects
@: mighty, flying, studying Staves
A: runic magic, artefact enchanting
a: Renounce Religion, Fiery Armour, Foxfire Swarm, Rising Flame


You were on level 1 of the Lair of Beasts.
You worshipped Ignis.
Ignis was extremely pleased with you.
You visited 2 branches of the dungeon, and saw 13 of its levels.

You collected 974 gold pieces.


Innate Abilities, Weirdness & Mutations

Your spellcasting is much less encumbered by armour.
You can use scrolls of enchantment on lesser artefacts.


   Skills:
 + Level 10.5 Fighting
 + Level 11.5 Axes
 + Level 10.0 Armour
 + Level 7.7 Spellcasting
 + Level 11.4 Fire Magic


You had 24 spell levels left.
You knew the following spells:

 Your Spells              Type           Power      Damage    Failure   Level
X - Scorch                Fire           84%        2d8       1%          2

Your spell library contained the following spells:

 Spells                   Type           Power      Damage    Failure   Level
 Sandblast                Erth           12%        2d6       17%         1
 Jinxbite                 Hex            12%        N/A       26%         2
 Gell's Gravitas          Tloc           6%         N/A       45%         3
 Stone Arrow              Conj/Erth      12%        3d7       45%         3
 Teleport Other           Tloc           6%         N/A       45%         3
 Animate Dead             Necr           6%         N/A       86%         4
 Brom's Barrelling Bould  Conj/Erth      6%         2d3       86%         4
 Borgnjor's Vile Clutch   Necr/Erth      3%         N/A       99%         5
 Yara's Violent Unravell  Hex/Alch       3%         3d4       99%         5
 Death Channel            Necr           3%         N/A       100%        6
 Dispersal                Tloc           3%         N/A       100%        6
 Enfeeble                 Hex            3%         N/A       100%        7

Inventory:

Hand Weapons
 a - a -1 hand axe of flaming (weapon)
Armour
 e - a +0 helmet (worn)
 h - a scarf of resistance
 i - a +0 pair of boots (worn)
 t - a +1 chain mail of poison resistance (worn)
 A - a +1 cloak (worn)
Magical Staves
 c - a staff of earth {!a}
Jewellery
 b - an amulet of magic regeneration (around neck)
 y - an amulet of reflection
 L - a ring of flight (left hand)
Wands
 d - a wand of polymorph (1)
 B - a wand of flame (28)
Scrolls
 g - a scroll of revelation
 j - a scroll of brand weapon {unknown}
 l - a scroll of immolation {unknown}
 m - 2 scrolls of vulnerability {unknown}
 p - 2 scrolls of noise
 r - a scroll of amnesia {unknown}
 u - a scroll of fog {unknown}
 v - a scroll of silence {unknown}
 C - 2 scrolls of enchant armour {unknown}
 E - a scroll of enchant weapon {unknown}
 G - a scroll of summoning {unknown}
 J - a scroll of torment {unknown}
Potions
 f - a potion of haste {@q3}
 k - 3 potions of curing {@q1}
 n - 2 potions of mutation
 q - a potion of lignification
 x - a potion of attraction

Dungeon Overview and Level Annotations

Branches:
Dungeon (11/15)            Temple (0/1) D:5            Lair (2/5) D:10
    Orc (0/2) D:10
  Swamp: Lair:2-3    Shoals: Lair:2-3     Snake: Lair:2-3    Spider: Lair:2-3

Altars:
Dithmenos
Fedhas
Hepliaklqana
Kikubaaqudgha
Okawaru
Ru
Trog
Uskayaw
Wu Jian
The Shining One

Shops:
D:8 *

Annotations:
D:6 1 transporter, DeathSocks's ghost, novice DsDe
Lair:1 3 runed translucent doors, Joejoil's ghost, journeyman DrSu; Sonja
Lair:2 Maggie

,~~,,,~~~#.# *,...#*,,,,*
,~~,,,~~##.###########....#*,,,,,
,,,,,,,~#..###########....#*,,,,*
,,**,*,~#..###.#.P#.##....#*,,,,*
~,,,*~~##..................,,,,,,
~,~~,~~#...................,,,,,*
~~~~~~##........SS.........,,,,,*
~~~~~*#........FFF...K.....,,,,,,
~~~***#....##.##@###.#.....,,,,,*
*,** ##....###########.....,,,,,*
*.####.....##########...,,.,,,,,*
*..........###########..,,,,,,,,*
,#.####....###########..,,,,,,,,*
**** #P....###########..,,,,,,,,*
##....##########...,,,,,,,,*
##....###########..,,,,,,,,*
#.....# **,,,,,,,,,,*


You could see a black mamba, 2 cane toads, Sonja, a bullfrog and an adder.


Message History

* * * LOW HITPOINT WARNING * * *
Unknown command.
Unknown command.
Unknown command.
Unknown command.
You hit the cane toad. You burn the cane toad.
The cane toad is severely wounded.
You slash the bullfrog! You burn the bullfrog. You slash the cane toad!
You burn the cane toad. The bullfrog closely misses you.
The cane toad stings you!
* * * LOW HITPOINT WARNING * * *
The cane toad stings you!
* * * LOW HITPOINT WARNING * * *
The bullfrog hits you but does no damage.
Unknown command.
Unknown command.
Unknown command.
You feel much better.
The cane toad stings you but does no damage.
The bullfrog completely misses you. The cane toad stings you.
* * * LOW HITPOINT WARNING * * *
The cane toad stings you!
* * * LOW HITPOINT WARNING * * *
Unknown command.
Unknown command.
As you read the scroll labelled ZEONYS RESOE, it crumbles to dust.
You feel aware of your surroundings.
It was a scroll of revelation.
The bullfrog hits you.
You die...
Ignis goes out, and joins you in death.

Skill      XL: |  1  2  3  4  5  6  7  8  9 10 11 12 |
---------------+-------------------------------------+-----
Armour         | 1 2 3 4 5 6 8 9 10 | 10.0
Axes           | 4 5 6 7 8 9 11 | 11.5
Fire Magic     | 4 5 6 7 8 9 11 | 11.4
Fighting       | 4 5 6 7 9 10 | 10.5
Spellcasting   | 2 3 4 5 6 7 |  7.7

Action                     |  1- 3 |  4- 6 |  7- 9 | 10-12 || total
---------------------------+-------+-------+-------+-------++-------
  Melee: Hand axe          |    69 |    33 |    41 |   146 ||   289
   Cast: Scorch            |    19 |    69 |   188 |   409 ||   685
  Evoke: Wand              |       |       |       |    10 ||    10
    Use: Scroll            |       |       |     5 |    11 ||    16
         Potion            |       |       |       |     9 ||     9
 Armour: Robe              |    37 |       |       |       ||    37
         Chain mail        |    18 |    53 |   172 |   477 ||   720
  Dodge: Dodged            |    45 |    21 |    66 |   198 ||   330

Levels and vault maps discovered:
D:1:      scummos_arrival_gate, layout_loops_ring
D:2:      layout_basic, shapermc_ecumenical_altar_hornbeckon
D:3:      layout_basic, nicolae_uskayaw_suspiria,
          minmay_randomly_rotated_circles
D:4:      layout_loops_ring, nicolae_wu_jian_glorious_leap, uniq_natasha,
          uniq_menkaure
D:5:      layout_cave_pools, mainiacjoe_overflow_concentric_impassable,
          minmay_temple_entry_nine_rooms, serial_bayou_pond_b
D:6:      layout_layer_cave, nicolae_overflow_two_pavilions,
          gammafunk_ghost_smash, uniq_pikel
D:7:      layout_loops_corners, mainiacjoe_overflow_tiny_flanked,
          mainiacjoe_overflow_catwalk, nicolae_kikubaaqudgha_miasma_corner,
          uniq_prince_ribbit1
D:8:      layout_loops_ring, nicolae_overflow_crystal_walls, serial_shops,
          shop_fountains, grunt_decor_junction, minmay_manual_mullet,
          uniq_erica, uniq_maurice
D:9:      layout_basic, uniq_grum, uniq_harold, uniq_joseph
D:10:     layout_loops_cross, lemuel_round_altar, due_lair_maze_entry_diamond,
          orc_0_dummy
D:11:     layout_rooms
Lair:1:   minmay_lair_venomous_thicket, layout_long_grid,
          gammafunk_ghost_necromancy,
          hellmonk_guarded_unrand_seven_league_boots, uniq_urug, uniq_sonja
Lair:2:   layout_gridlike, special_room [special_room_bee], gammafunk_ghost_icy,
          kennysheep_rathole, uniq_maggie

Notes
Turn   | Place    | Note
-------+----------+-------------------------------------------
     0 | D:1      | cforsyth the Mountain Dwarf Cinder Acolyte began the quest
                  | for the Orb.
     0 | D:1      | Reached XP level 1. HP: 19/19 MP: 2/2
   222 | D:1      | Reached XP level 2. HP: 18/26 MP: 3/3
   313 | D:1      | Learned a level 2 spell: Scorch
   525 | D:1      | Reached skill level 1 in Armour
   932 | D:2      | Reached skill level 4 in Axes
   932 | D:2      | Reached skill level 4 in Fire Magic
   932 | D:2      | Reached XP level 3. HP: 31/31 MP: 0/5
  1484 | D:2      | Found a faded altar of an unknown god.
  1904 | D:3      | Reached XP level 4. HP: 40/40 MP: 1/6
  2584 | D:3      | Reached skill level 4 in Fighting
  2635 | D:3      | Found a hide-covered altar of Uskayaw.
  2998 | D:4      | Noticed Natasha
  3002 | D:4      | Killed Natasha
  3003 | D:4      | Reached skill level 2 in Armour
  3003 | D:4      | Reached XP level 5. HP: 46/46 MP: 3/7
  3159 | D:3      | Reached skill level 2 in Spellcasting
  3500 | D:4      | Noticed Menkaure
  3503 | D:4      | Killed Menkaure
  3504 | D:4      | Reached skill level 5 in Axes
  3504 | D:4      | Reached skill level 5 in Fire Magic
  3504 | D:4      | Reached XP level 6. HP: 53/53 MP: 3/9
  3586 | D:4      | Noticed Natasha
  3589 | D:4      | Killed Natasha
  3590 | D:4      | Reached skill level 3 in Armour
  3755 | D:4      | Found an ornate altar of the Wu Jian Council.
  3817 | D:5      | Entered Level 5 of the Dungeon
  3902 | D:5      | Reached XP level 7. HP: 60/60 MP: 3/11
  3948 | D:5      | Reached skill level 5 in Fighting
  4062 | D:5      | Reached skill level 3 in Spellcasting
  4180 | D:5      | Found a staircase to the Ecumenical Temple.
  4348 | D:5      | Found a glowing golden altar of the Shining One.
  4521 | D:6      | Noticed Pikel
  4541 | D:5      | Killed Pikel
  4542 | D:5      | Reached skill level 6 in Axes
  4542 | D:5      | Reached skill level 4 in Armour
  4542 | D:5      | Reached skill level 6 in Fire Magic
  4542 | D:5      | Reached XP level 8. HP: 43/70 MP: 1/13
  4654 | D:5      | Reached skill level 6 in Fighting
  4951 | D:6      | Reached skill level 5 in Armour
  4966 | D:6      | Reached skill level 4 in Spellcasting
  5095 | D:6      | Reached skill level 7 in Axes
  5095 | D:6      | Reached skill level 7 in Fire Magic
  5493 | D:6      | Found a transporter.
  5494 | D:6      | Noticed DeathSocks's ghost (novice DsDe)
  5640 | D:6      | Found a sacrificial altar of Ru.
  5640 | D:6      | Found a shadowy altar of Dithmenos.
  6101 | D:7      | Reached XP level 9. HP: 52/78 MP: 2/15
  6193 | D:7      | Found a hazy altar of Hepliaklqana.
  6441 | D:7      | Found an iron altar of Okawaru.
  6564 | D:7      | Noticed Prince Ribbit
  6568 | D:7      | Killed Prince Ribbit
  6569 | D:7      | Reached skill level 7 in Fighting
  6569 | D:7      | Reached skill level 6 in Armour
  6757 | D:7      | Found an ancient bone altar of Kikubaaqudgha.
  6968 | D:7      | Reached skill level 8 in Axes
  6968 | D:7      | Reached skill level 8 in Fire Magic
  7363 | D:8      | Noticed Erica
  7460 | D:8      | Killed Erica
  7461 | D:8      | Reached skill level 5 in Spellcasting
  7920 | D:8      | Reached XP level 10. HP: 88/88 MP: 7/18
  7956 | D:8      | Reached skill level 7 in Armour
  8130 | D:8      | Reached skill level 8 in Fighting
  8133 | D:8      | Found a blossoming altar of Fedhas.
  8246 | D:8      | Noticed Maurice
  8279 | D:8      | Killed Maurice
  8280 | D:8      | Reached skill level 9 in Axes
  8280 | D:8      | Reached skill level 9 in Fire Magic
  8307 | D:8      | Found Xoby's Assorted Antiques.
  9246 | D:9      | Noticed Harold
  9267 | D:9      | Killed Harold
  9268 | D:9      | Reached skill level 6 in Spellcasting
  9726 | D:9      | Reached skill level 8 in Armour
  9906 | D:9      | Noticed Joseph
  9914 | D:9      | Killed Joseph
  9915 | D:9      | Reached skill level 9 in Fighting
  9989 | D:9      | Reached XP level 11. HP: 92/97 MP: 10/20
 10029 | D:9      | Noticed a two-headed ogre
 10059 | D:9      | Killed a two-headed ogre
 10060 | D:9      | Reached skill level 10 in Axes
 10060 | D:9      | Reached skill level 10 in Fire Magic
 10263 | D:9      | Noticed Grum
 10819 | D:9      | Killed Grum
 10909 | D:10     | Entered Level 10 of the Dungeon
 11081 | D:10     | Found a staircase to the Lair.
 11094 | D:10     | Noticed a two-headed ogre
 11118 | D:10     | Killed a two-headed ogre
 11359 | D:10     | Reached skill level 9 in Armour
 11471 | D:10     | Reached skill level 7 in Spellcasting
 11909 | D:10     | Found a bloodstained altar of Trog.
 12005 | D:10     | Found a staircase to the Orcish Mines.
 12528 | D:11     | Noticed a cyan ugly thing
 12683 | D:10     | Reached skill level 10 in Fighting
 12969 | D:11     | Noticed a boulder beetle
 13017 | D:11     | Killed a cyan ugly thing
 13257 | Lair:1   | Entered Level 1 of the Lair of Beasts
 13265 | Lair:1   | Found a runed translucent gate.
 13266 | Lair:1   | Found a runed translucent gate.
 13268 | Lair:1   | You are sucked into a shaft and drop 1 floor!
 13268 | Lair:2   | Noticed Maggie
 13319 | Lair:2   | Reached skill level 11 in Axes
 13333 | Lair:2   | Reached skill level 11 in Fire Magic
 13756 | Lair:2   | Identified a potion of resistance
 13760 | Lair:2   | HP: 8/100 [yak (11)]
 13763 | Lair:2   | Reached XP level 12. HP: 9/106 MP: 23/23
 14094 | Lair:2   | Identified a scarf of resistance
 14100 | Lair:2   | Noticed a seven-headed hydra
 14105 | Lair:1   | Found a runed translucent gate.
 14557 | Lair:1   | Noticed Joejoil's ghost (journeyman DrSu)
 14711 | Lair:1   | Reached skill level 10 in Armour
 14772 | Lair:1   | Noticed Sonja
 14777 | Lair:1   | HP: 1/107 [cane toad (10)]
 14779 | Lair:1   | Slain by a bullfrog

Vanquished Creatures
  Harold (D:9)
  Erica (D:8)
  2 two-headed ogres
  Pikel (D:5)
  An ugly thing (D:11)
  Maurice (D:8)
  Joseph (D:9)
  2 cane toads (Lair:1)
  A rime drake (Lair:1)
  A komodo dragon (Lair:1)
  3 trolls
  Prince Ribbit (D:7)
  4 blink frogs (Lair:2)
  2 shadows
  A wraith (D:9)
  A vampire (D:8)
  22 yaks
  4 wyverns
  3 steam dragons
  2 vampire mosquitoes (D:11)
  Grum (D:9)
  Menkaure (D:4)
  2 acid dragons
  8 water moccasins
  An orc warrior (D:8)
  2 black bears (D:10)
  4 ice beasts
  2 wolves
  7 centaurs
  2 phantoms
  12 bullfrogs
  2 kobold brigands
  3 scorpions
  7 wights (D:10)
  15 killer bees
  4 howler monkeys (D:8)
  2 hounds
  5 jellies
  5 orc priests
  A gnoll bouda (D:8)
  An iguana (D:5)
  3 sleepcaps
  Natasha (twice) (D:4)
  15 orc wizards
  14 adders
  9 gnolls
  A shadow imp (D:5)
  6 ufetubi
  4 dart slugs
  4 ribbon worms
  37 orcs
  6 ball pythons
  4 bats
  6 endoplasms
  3 giant cockroaches
  6 hobgoblins
  5 jackals
  4 quokkas
  3 frilled lizards (D:3)
  7 goblins
  10 kobolds
  6 rats
297 creatures vanquished.

Vanquished Creatures (collateral kills)
  2 kobolds (D:11)
2 creatures vanquished.

Vanquished Creatures (others)
  A yak (Lair:2)
1 creature vanquished.

Grand Total: 300 creatures vanquished

Table legend: (Time is in decaauts)
 A = Elapsed time spent in this place.
 B = Non-inter-level travel time spent in this place.
 C = Inter-level travel time spent in this place.
 D = Time resting spent in this place.
 E = Time spent auto-exploring this place.
 F = Levels seen in this place.
 G = Mean time per level.
                   A        B        C        D        E       F      G
               +--------+--------+--------+--------+--------+-----+--------+
         Total |  14785 |  14095 |    690 |   2576 |   8870 |  13 | 1137.3 |
       Dungeon |  13304 |  12615 |    689 |   2083 |   8206 |  11 | 1209.5 |
          Lair |   1480 |   1480 |      0 |    492 |    664 |   2 |  740.0 |
               +--------+--------+--------+--------+--------+-----+--------+

Top non-repeatable levels by time:
     D:8: 1953 daAuts
    D:10: 1626 daAuts
     D:6: 1446 daAuts
     D:7: 1437 daAuts
     D:3: 1374 daAuts
     D:9: 1325 daAuts
     D:5: 962 daAuts
     D:2: 883 daAuts
     D:1: 869 daAuts
     D:4: 801 daAuts
  Lair:2: 795 daAuts
  Lair:1: 685 daAuts
    D:11: 623 daAuts

Table legend:
 A = Non-vault XP
 B = Vault XP
 C = Vault XP percentage of total XP
 D = Non-vault monster count
 E = Vault monster count
 F = Vault count percentage of total count
                 A         B        C        D         E       F
            +---------+---------+-------+---------+---------+-------
      Total |   18878 |    6259 |  24.9 |     261 |      39 |  13.0
            +---------+---------+-------+---------+---------+-------
        D:1 |      38 |       0 |   0.0 |      22 |       0 |   0.0
        D:2 |      23 |      14 |  37.8 |       5 |       1 |  16.7
        D:3 |     185 |      11 |   5.6 |      26 |       5 |  16.1
        D:4 |     104 |     200 |  65.8 |      15 |       2 |  11.8
        D:5 |     700 |     647 |  48.0 |      25 |       3 |  10.7
        D:6 |     756 |       0 |   0.0 |      28 |       0 |   0.0
        D:7 |    1178 |     274 |  18.9 |      18 |       1 |   5.3
        D:8 |    2514 |    2220 |  46.9 |      37 |       9 |  19.6
        D:9 |    3107 |    1785 |  36.5 |      21 |       5 |  19.2
       D:10 |    3171 |    1055 |  25.0 |      20 |       9 |  31.0
       D:11 |    1397 |       0 |   0.0 |      17 |       0 |   0.0
     Lair:1 |    2083 |      53 |   2.5 |       8 |       4 |  33.3
     Lair:2 |    3622 |       0 |   0.0 |      19 |       0 |   0.0
            +---------+---------+-------+---------+---------+-------
